 Dungeon Crawl Stone Soup version 0.23.1 (webtiles) character file.

Game seed: 5659362417370801797

12026 dhn the Cleaver (level 11, 0/84 HPs)
             Began as a Mummy Fighter on Mar 17, 2019.
             Slain by a 12-headed hydra (10 damage)
             ... on level 3 of the Lair of Beasts.
             The game lasted 00:30:49 (16307 turns).

dhn the Cleaver (Mummy Fighter)                    Turns: 16307, Time: 00:30:50

Health: 0/84       AC: 23    Str: 19    XL:     11   Next: 57%
Magic:  11/11      EV:  5    Int: 13    God:
Gold:   570        SH: 11    Dex: 12    Spells: 7/10 levels left

rFire    . . .     SeeInvis .   a - +0 war axe
rCold    + . .     Gourm    .   c - +0 shield
rNeg     + + +     Faith    .   n - +8 plate armour "Baink" {Int+2}
rPois    ∞         Spirit   .   x - +0 helmet
rElec    .         Reflect  .   o - +0 cloak
rCorr    .         Harm     .   (no gloves)
MR       +....                  (no boots)
Stlth    ..........             v - amulet of magic regeneration
HPRegen  0.24/turn              l - ring of wizardry
MPRegen  0.37/turn              m - ring of protection from fire

@: no status effects
A: no food or potions, fire vulnerability, cold resistance 1, negative energy
resistance 3, torment resistance, unbreathing
a: no special abilities


You were on level 3 of the Lair of Beasts.
You were not hungry.

You visited 2 branches of the dungeon, and saw 13 of its levels.

You collected 648 gold pieces.
You spent 78 gold pieces at shops.

Inventory:

Hand Weapons
 a - a +0 war axe (weapon)
 u - the +5 scythe "Finisher" {speed, eviscerate}
   (You found it on level 9 of the Dungeon)

   Attacks with this weapon are significantly faster.
 y - a +0 trident
Armour
 b - a +0 scale mail
 c - a +0 shield (worn)
 n - the +8 plate armour "Baink" (worn) {Int+2}
   (You found it on level 4 of the Dungeon)

   It affects your intelligence (+2).
 o - a +0 cloak (worn)
 x - a +0 helmet (worn)
Jewellery
 i - an uncursed ring of see invisible
 k - an uncursed ring of fire
 l - a ring of wizardry (left hand)
 m - a ring of protection from fire (right hand)
 t - an uncursed amulet of faith
 v - an amulet of magic regeneration (around neck)
 w - an uncursed ring of wizardry
 A - an uncursed ring of wizardry
Wands
 z - a wand of flame (19)
Scrolls
 d - 6 scrolls of teleportation
 e - 9 scrolls of remove curse
 f - 6 scrolls of identify
 g - 5 scrolls of immolation
 h - 3 scrolls of enchant armour
 j - a scroll of blinking
 p - a scroll of enchant weapon {unknown}
 q - 3 scrolls of magic mapping {unknown}
 r - 2 scrolls of noise {unknown}
 s - 2 scrolls of amnesia {unknown}
 B - 2 scrolls of random uselessness {unknown}
 C - a scroll of fog {unknown}


   Skills:
 + Level 7.1 Fighting
 * Level 11.1 Axes
 + Level 0.2(7.0) Polearms
 + Level 6.4 Armour
 + Level 2.1 Dodging
 + Level 0.7 Stealth
 + Level 7.5 Shields
 + Level 0.7 Evocations


You had 7 spell levels left.
You knew the following spells:

 Your Spells              Type           Power        Failure   Level  Hunger
a - Magic Dart            Conj           #...         100%        1    N/A
b - Blink                 Tloc           N/A          100%        2    N/A

Your spell library contained the following spells:

 Spells                   Type           Power        Failure   Level  Hunger
 Freeze                   Ice            #...         100%        1    N/A
 Call Imp                 Summ           #.......     100%        2    N/A
 Slow                     Hex            #.......     100%        2    N/A
 Sticks to Snakes         Tmut           #.......     100%        2    N/A
 Throw Frost              Conj/Ice       #.....       100%        2    N/A
 Conjure Flame            Conj/Fire      #.......     100%        3    N/A
 Mephitic Cloud           Conj/Pois/Air  #.......     100%        3    N/A
 Ozocubu's Armour         Chrm/Ice       #.......     100%        3    N/A
 Summon Ice Beast         Ice/Summ       #.......     100%        4    N/A
 Throw Icicle             Conj/Ice       #.......     100%        4    N/A
 Bolt of Magma            Conj/Fire/Erth #.........   100%        5    N/A
 Iskenderun's Battlesphe  Conj/Chrm      #.......     100%        5    N/A
 Venom Bolt               Conj/Pois      #.........   100%        5    N/A
 Iron Shot                Conj/Erth      #.........   100%        6    N/A
 Orb of Destruction       Conj           #.........   100%        7    N/A
 Spellforged Servitor     Conj/Summ      #.........   100%        7    N/A
 Beastly Appendage        Tmut           Unusable     N/A         1    N/A
 Spider Form              Tmut/Pois      Unusable     N/A         3    N/A
 Ice Form                 Ice/Tmut       Unusable     N/A         4    N/A
 Blade Hands              Tmut           Unusable     N/A         5    N/A

Dungeon Overview and Level Annotations

Branches:
Dungeon (10/15)            Temple (0/1) D:6            Lair (3/6) D:9
  Snake (0/4) Lair:2
  Swamp: Lair:2-4    Shoals: Lair:2-4       Orc: D:9-12

Altars:
The Shining One

Shops:
D:7 *=[*(   D:9 *   D:10 *

Annotations:
D:7 2 transporters, Monsterracer's ghost, novice DsGl
D:8 1 runed translucent door, Lazygun's ghost, novice GrEE


Innate Abilities, Weirdness & Mutations

You do not eat or drink.
Your flesh is vulnerable to fire.
You are immune to poison.
Your flesh is cold resistant. (rC+)
You are immune to negative energy. (rN+++)
You are immune to unholy pain and torment.
You can survive without breathing.


Message History

* * * LOW HITPOINT WARNING * * *
The 11-headed hydra bites you.
* * * LOW HITPOINT WARNING * * *
You block the 11-headed hydra's attack.
The 11-headed hydra bites you but does no damage.
The 11-headed hydra bites you.
* * * LOW HITPOINT WARNING * * *
The 11-headed hydra bites you but does no damage. x2
You block the 11-headed hydra's attack. The 11-headed hydra bites you!
* * * LOW HITPOINT WARNING * * *
You block the 11-headed hydra's attack.
The 11-headed hydra bites you but does no damage.
You slice one of the 11-headed hydra's heads off!
The ten-headed hydra grows two more!
You slash the 12-headed hydra!
The 12-headed hydra is lightly wounded.
The 12-headed hydra bites you but does no damage.
You block the 12-headed hydra's attack.
The 12-headed hydra bites you but does no damage.
The 12-headed hydra bites you!
You die...

.....#.#### .....+..#.# #######
#...#....###.#.#.#
#..............$..
+..........#.#.#.#
##.................
#.D.........#.#.#^#
#@..>.............
#...........#.#.#.# #
#.................. ##
##P.###+#####.#.#.# .# #####
#####....##....... .#####.#/#
####.#.##..#..#.#.#.#
'.....#.#####....................
##..#.....................#.#.#.#
####..####..###..................


You could see a 12-headed hydra.

Vanquished Creatures
  Pikel (D:9)
  A centaur zombie (D:10)
  2 black mambas (Lair:2)
  3 spiny frogs
  2 komodo dragons
  A troll (D:8)
  A polar bear (Lair:2)
  A hippogriff (D:9)
  5 blink frogs
  4 wraiths
  Sigmund (D:4)
  3 yaks (Lair:2)
  Grum (D:10)
  2 hungry ghosts (D:7)
  13 water moccasins
  4 porcupines
  A slave (D:7)
  3 ice beasts
  A sky beast (D:9)
  An orc warrior (D:9)
  5 ogres
  A phantom (D:8)
  2 wolves
  4 crocodiles
  5 centaurs
  2 big kobolds (D:9)
  7 bullfrogs
  A scorpion (D:5)
  8 killer bees
  An electric eel (Lair:2)
  7 crimson imps
  3 bullfrog zombies
  2 jellies (D:8)
  4 quasits
  2 hounds
  3 orc priests
  7 orc wizards
  Terence (D:3)
  4 iguanas
  5 worker ants
  A killer bee zombie (D:7)
  3 hound skeletons
  A howler monkey zombie (D:6)
  2 howler monkey skeletons
  19 adders
  4 gnolls
  A shadow imp (D:7)
  An ooze (D:1)
  6 worms
  2 dart slugs (D:1)
  5 leopard geckos
  29 orcs
  2 ball pythons
  7 giant cockroaches
  10 goblins
  5 hobgoblins
  7 jackals
  11 kobolds
  5 quokkas
  6 bats
  7 frilled lizards
  A leopard gecko skeleton (D:7)
  A quokka zombie (D:6)
  6 rats
267 creatures vanquished.

Vanquished Creatures (others)
  An ice beast (D:10)
  2 electric eels (D:10)
  An adder (D:10)
  15 fungi
  A plant (Lair:2)
20 creatures vanquished.

Grand Total: 287 creatures vanquished

Notes
Turn   | Place    | Note
-------+----------+-------------------------------------------
     0 | D:1      | dhn the Mummy Fighter began the quest for the Orb.
     0 | D:1      | Reached XP level 1. HP: 18/18 MP: 1/1
   255 | D:1      | Reached XP level 2. HP: 19/24 MP: 2/2
   598 | D:1      | Reached XP level 3. HP: 29/29 MP: 3/3
   763 | D:2      | Reached skill level 2 in Axes
  1152 | D:2      | Reached XP level 4. HP: 20/35 MP: 4/4
  1861 | D:3      | Reached XP level 5. HP: 42/42 MP: 5/5
  1875 | D:3      | Noticed Terence
  2082 | D:4      | Noticed Sigmund
  2123 | D:3      | Reached skill level 3 in Axes
  2194 | D:3      | Killed Terence
  2735 | D:4      | Reached skill level 1 in Dodging
  2748 | D:4      | Reached XP level 6. HP: 44/48 MP: 6/6
  2806 | D:4      | Killed Sigmund
  2866 | D:4      | Got a black opal-encrusted plate armour
  2867 | D:4      | Identified the +8 plate armour "Baink" {Int+2} (You found
                  | it on level 4 of the Dungeon)
  2974 | D:4      | Reached skill level 4 in Axes
  3056 | D:5      | Entered Level 5 of the Dungeon
  3157 | D:5      | Noticed an ice beast
  3173 | D:5      | Killed an ice beast
  3173 | D:5      | Reached XP level 7. HP: 43/54 MP: 7/7
  3762 | D:6      | Reached skill level 5 in Axes
  3990 | D:6      | Found a glowing golden altar of the Shining One.
  4162 | D:6      | Reached XP level 8. HP: 46/61 MP: 8/8
  4954 | D:6      | Found a staircase to the Ecumenical Temple.
  5731 | D:7      | Found Poseagg's Jewellery Shop.
  5779 | D:7      | Found Elasmops's General Store.
  5792 | D:7      | Bought a scroll of teleportation for 39 gold pieces
  5822 | D:7      | Found Quydeitu's Armour Boutique.
  5852 | D:6      | Reached skill level 5 in Fighting
  5977 | D:6      | Reached skill level 6 in Axes
  5977 | D:6      | Reached skill level 5 in Shields
  6203 | D:7      | Found a transporter.
  6350 | D:7      | Found Plog's Antique Weapon Shop.
  6712 | D:7      | Found Hawny's General Store.
  6727 | D:7      | Reached XP level 9. HP: 54/68 MP: 9/9
  6742 | D:7      | Bought a scroll of teleportation for 39 gold pieces
  6746 | D:7      | Noticed Monsterracer's ghost (novice DsGl)
  6775 | D:7      | Found a transporter.
  7006 | D:8      | Found a glowing golden altar of the Shining One.
  7181 | D:8      | Reached skill level 7 in Axes
  7552 | D:8      | Found a runed translucent door.
  7552 | D:8      | Noticed Lazygun's ghost (novice GrEE)
  7599 | D:9      | Noticed a troll
  8020 | D:8      | Killed a troll
  8305 | D:9      | Noticed Pikel
  8600 | D:9      | Killed Pikel
  8600 | D:9      | Reached skill level 8 in Axes
  8600 | D:9      | Reached skill level 5 in Armour
  8864 | D:9      | Found the +5 scythe "Finisher" {speed, eviscerate}
  8915 | D:9      | Reached XP level 10. HP: 58/76 MP: 10/10
  9145 | D:9      | Found a staircase to the Lair.
  9267 | D:9      | Reached skill level 9 in Axes
  9289 | D:9      | Found Riroqen's General Store.
 10252 | D:10     | Entered Level 10 of the Dungeon
 10347 | D:10     | Learned a level 1 spell: Magic Dart
 10350 | D:10     | Learned a level 2 spell: Blink
 10535 | D:10     | Noticed a two-headed ogre
 11131 | D:10     | Noticed Grum
 11134 | D:10     | Noticed a gargoyle
 11399 | D:10     | Found Nolewomu's General Store.
 11455 | D:10     | Killed Grum
 11841 | Lair:1   | Entered Level 1 of the Lair of Beasts
 11842 | Lair:1   | Noticed an eight-headed hydra
 11868 | D:9      | Reached skill level 10 in Axes
 12054 | Lair:1   | Noticed a spiny frog
 12397 | Lair:1   | Killed a spiny frog
 12657 | Lair:1   | Noticed a spiny frog
 12668 | Lair:1   | Killed a spiny frog
 13109 | Lair:1   | Reached XP level 11. HP: 44/82 MP: 11/11
 14100 | Lair:2   | Found a staircase to the Snake Pit.
 15061 | Lair:1   | Reached skill level 11 in Axes
 16292 | Lair:3   | Noticed a four-headed hydra
 16307 | Lair:3   | Slain by a 12-headed hydra

Skill      XL: |  1  2  3  4  5  6  7  8  9 10 11 |
---------------+----------------------------------+-----
Axes           | 2 3 4 5 6 8 10 11 | 11.1
Armour         | 3 4 5 6 |  6.4
Shields        | 3 4 5 6 7 |  7.5
Dodging        | 1 2 |  2.1
Fighting       | 4 5 6 7 |  7.1
Polearms       | |  0.2
Stealth        | |  0.7
Evocations     | |  0.7

Action                   |  1- 3 |  4- 6 |  7- 9 | 10-12 || total
-------------------------+-------+-------+-------+-------++-------
Melee: War axe           |   118 |   234 |   601 |   814 ||  1767
       Trident           |       |       |       |     1 ||     1
Evoke: Wand              |       |     3 |     8 |     1 ||    12
  Use: Scroll            |       |     1 |     5 |     6 ||    12
Armor: Scale mail        |    62 |    77 |       |       ||   139
       Plate armour      |       |    30 |   674 |   647 ||  1351
Dodge: Dodged            |    31 |    68 |   144 |   214 ||   457
Block: Shield            |    55 |   139 |   425 |   528 ||  1147
